 Dungeon Crawl Stone Soup version 0.20.0-7-g3b7b877 (webtiles) character file.

16 mopl the Grave Robber (level 2, -2/11 HPs)
             Began as a Felid Necromancer on May 29, 2017.
             Slain by a gnoll (9 damage)
             ... on level 1 of the Dungeon.
             The game lasted 00:01:25 (654 turns).

mopl the Grave Robber (Felid Necromancer)            Turns: 654, Time: 00:01:25

Health: -2/11      AC:  1    Str:  4    XL:     2   Next: 37%
Magic:  6/6        EV: 18    Int: 16    God:
Gold:   30         SH:  0    Dex: 16    Spells: 3/5 levels left
                                        Lives:  0   Deaths: 0

rFire    . . .     SeeInvis +     - Unarmed
rCold    . . .     Gourm    .   (shield unavailable)
rNeg     . . .     Faith    .   (armour unavailable)
rPois    .         Spirit   .   (helmet unavailable)
rElec    .         Reflect  .   (cloak unavailable)
rCorr    .         Harm     .   (gloves unavailable)
MR       .....                  (boots unavailable)
Stlth    +++.......             (no amulet)
Regen    0.1/turn               (no ring)
MPRegen  0.1/turn               (no ring)

@: quick
A: no armour, no weapons or thrown items, stealth, claws 1, fangs 3, see
invisible, carnivore 3, speed 1, shaggy fur 1, slow metabolism 1, sharp paws
a: no special abilities


You were on level 1 of the Dungeon.
You were completely stuffed.

You visited 1 branch of the dungeon, and saw 1 of its levels.

You collected 30 gold pieces.

Inventory:

Scrolls
 c - a scroll of immolation {unknown}
Potions
 d - a potion of magic {unknown}
Books
 a - a book of Necromancy

   Spells                             Type                      Level
   a - Pain                           Necromancy                   1
   b - Animate Skeleton               Necromancy                   1
   c - Vampiric Draining              Necromancy                   3
   d - Regeneration                   Charms/Necromancy            3
   e - Animate Dead                   Necromancy                   4
   f - Control Undead                 Necromancy                   4
Comestibles
 b - a meat ration
 f - 2 chunks of flesh


   Skills:
 - Level 2.6 Dodging
 * Level 3.3 Stealth
 * Level 1.1 Unarmed Combat
 + Level 2.1 Spellcasting
 + Level 4.1 Necromancy


You had 3 spell levels left.
You knew the following spells:

 Your Spells              Type           Power        Failure   Level  Hunger
a - Pain                  Necr           ##..         3%          1    #......
x - Animate Skeleton      Necr           N/A          3%          1    #......


Dungeon Overview and Level Annotations

Branches:
Dungeon (1/15)

Altars:

Annotations:
D:1 dig


Innate Abilities, Weirdness & Mutations

You cannot wear armour.
You are incapable of wielding weapons or throwing items.
Your paws allow you to move quietly. (Stealth)
You have sharp claws.
You have razor-sharp teeth.
You have supernaturally acute eyesight. (SInv)
You are carnivorous and can eat meat at any time.
You cover ground quickly.
You are covered in fur. (AC +1)
You have a slow metabolism.
Your sharp claws are effective at attacking unaware monsters.


Message History

Your goblin skeleton barely misses the gnoll.
The gnoll hits your rat skeleton!
Your rat skeleton is destroyed!
Your goblin skeleton hits the gnoll with a club.
The gnoll hits your goblin skeleton.
You scratch the gnoll but do no damage.
The gnoll is heavily wounded.
Your goblin skeleton hits the gnoll with a club.
The gnoll misses you.
You barely miss the gnoll.
The gnoll is heavily wounded.
Your goblin skeleton hits the gnoll with a club.
You barely miss the gnoll.
The gnoll is severely wounded.
The gnoll closely misses you.
You closely miss the gnoll.
The gnoll is severely wounded.
The gnoll hits you!
Ouch! That really hurt!
You die...

#.......##...Z..........%....
##.#............##...........
#...##........###...........
...######.#.................
....# ###.######............
####.####...######............
.......###...##..........#.
.......##..........ZZ...##.
.>.....#..@........Z#......
.......#.g..........##....#
.........Z..........##.Z..#
#######.#...............ZZ.
######..##.................
#......################...#
#.###### #...# #...# #...#


You could see a gnoll and a friendly goblin skeleton.

Vanquished Creatures
  A dart slug (D:1)
  A leopard gecko (D:1)
  A ball python (D:1)
  A goblin (D:1)
  A kobold (D:1)
  2 bats (D:1)
  A frilled lizard (D:1)
  3 rats (D:1)
11 creatures vanquished.

Vanquished Creatures (collateral kills)
  A dart slug (D:1)
1 creature vanquished.

Grand Total: 12 creatures vanquished

Notes
Turn   | Place    | Note
-------+----------+-------------------------------------------
     0 | D:1      | mopl the Felid Necromancer began the quest for the Orb.
     0 | D:1      | Reached XP level 1. HP: 7/7 MP: 4/4
    15 | D:1      | Learned a level 1 spell: Animate Skeleton
   112 | D:1      | Reached skill level 1 in Unarmed Combat
   258 | D:1      | Reached skill level 3 in Stealth
   410 | D:1      | Reached XP level 2. HP: 7/11 MP: 3/6
   654 | D:1      | Slain by a gnoll

Skill      XL: |  1 |
---------------+----+-----
Unarmed Combat | 1 |  1.1
Stealth        | 3 |  3.3
Dodging        | |  2.6
Spellcasting   | |  2.1
Necromancy     | |  4.1

Action                   || total
-------------------------++-------
Melee: Unarmed           ||    19
 Cast: Pain              ||    13
       Animate Skeleton  ||     4
 Stab: Sleeping          ||     2
  Eat: Chunk             ||     7
Armor: Skin              ||     1
Dodge: Dodged            ||    14
